AoeStats
← Pwncakes

African Clearing

506947743Analyzed
4v4 RM · 18d ago on Sep 15, 2026· 25m 52s· 8 players
Game mode
Random Map
Map size
Large (8 player)
Population
200
Speed
Normal
Resources
Standard
Victory
Conquest
Starting age
Dark Age
Ending age
Imperial Age
RankedLock teamsTeams togetherTeam positionsShared explorationLock speedFull tech treeHidden civsTurbo modeCheats
Victory
Defeat
🇺🇸 Mongols · United States
1322
+11
🇺🇸 Vietnamese · United States
1306
+12
🇺🇸 Huns · United States
1291
+27
🇲🇽 Wu · Mexico
1290
+12
🇨🇴 Italians · Colombia
1268
-13
🇲🇽 Huns · Mexico
1248
-13
🇦🇷 Magyars · Argentina
1203
-12
🇬🇹 Aztecs · Guatemala
1130
-9
Jaffeth15
5:17 Loom
17:07 Feudal Age
22:15 Castle Age
20:18 Double-Bit Axe
20:16 Horse Collar
22:26 Eagle Warrior
The Goat
5:17 Loom
12:30 Feudal Age
jomanuel28
4:33 Loom
14:07 Feudal Age
15:44 Double-Bit Axe
19:35 Castle Age
18:24 Stone Mining
19:30 Gold Mining
19:26 Horse Collar
21:26 Fletching
Ezemic
3:25 Loom
13:07 Feudal Age
14:57 Double-Bit Axe
22:08 Wheelbarrow
24:47 Castle Age
24:43 Scale Barding Armor
25:26 Bloodlines
25:43 Forging
Gesius
5:12 Loom
12:19 Feudal Age
12:50 Double-Bit Axe
22:33 Fletching
26:07 Horse Collar
IamBritt
7:03 Loom
14:12 Feudal Age
18:01 Castle Age
16:41 Double-Bit Axe
16:47 Fletching
18:41 Bodkin Arrow
Pwncakes
12:23 Feudal Age
13:06 Double-Bit Axe
13:27 Loom
13:30 Fishing Lines
19:28 Forging
22:08 Castle Age
20:41 Scale Barding Armor
20:51 Bloodlines
20:33 Horse Collar
22:47 Wheelbarrow
22:35 Gold Mining
22:58 Husbandry
23:03 Light Cavalry
24:40 Chain Barding Armor
26:01 Iron Casting
mairlarabe
4:14 Loom
13:20 Feudal Age
19:24 Castle Age
18:03 Town Watch
Connection lost

Rejoining the realm…

Still unreachable

The connection could not be restored.

Session expired

The server has moved on; the page needs a fresh start.